 Dungeon Crawl Stone Soup version 0.18-a0-1287-g2b21fa6 (webtiles) character file.

53 Jenkins the Digger (level 3, -1/19 HPs)
             Began as a Deep Elf Earth Elementalist on Feb 9, 2016.
             Slain by a goblin
             ... wielding a +0 club
             ... led by Robin
              (3 damage)
             ... on level 2 of the Dungeon.
             The game lasted 00:08:11 (1527 turns).

Jenkins the Digger (Deep Elf Earth Elementalist)    Turns: 1527, Time: 00:08:11

Health: -1/19      AC:  2    Str:  5    XL:     3   Next: 64%
Magic:  8/19       EV: 13    Int: 20    God:
Gold:   23         SH:  0    Dex: 15    Spells: 3 memorised, 4 levels left

rFire  . . .     SeeInvis .     k - +4 dagger (venom)
rCold  . . .     Gourm    .     a - +0 robe
rNeg   . . .     Faith    .     (no shield)
rPois  .         Spirit   .     (no helmet)
rElec  .         Dismiss  .     (no cloak)
rCorr  .         Reflect  .     (no gloves)
SustAt .         Harm     .     (no boots)
MR     .....                    (no amulet)
Stlth  ++........               (no ring)
                                p - ring of magical power

@: very slightly contaminated, not resistant to hostile enchantments, unstealthy
A: no striking features
a: no special abilities


You were on level 2 of the Dungeon.
You were not hungry.

You visited 1 branch of the dungeon, and saw 2 of its levels.

You collected 23 gold pieces.

Inventory:

Hand Weapons
 k - a +4 dagger of venom (weapon)
Missiles
 b - 46 stones (quivered)
 g - 6 javelins
 n - 36 poisoned needles
Armour
 a - a +0 robe (worn)
Jewellery
 p - a ring of magical power (left hand)
Scrolls
 o - a scroll of amnesia {unknown}
Potions
 h - a potion of heal wounds {unknown}
 i - a potion of brilliance {unknown}
 l - 2 potions of agility {unknown}
Books
 c - a book of Geomancy

   Spells                             Type                      Level
   a - Sandblast                      Earth                        1
   b - Passwall                       Transmutation/Earth          2
   c - Stone Arrow                    Conjuration/Earth            3
   d - Petrify                        Transmutation/Earth          4
   e - Lee's Rapid Deconstruction     Earth                        5
Comestibles
 d - a bread ration
 f - a meat ration


   Skills:
 + Level 2.5 Dodging
 + Level 3.2 Stealth
 + Level 4.0 Spellcasting
 + Level 1.1 Transmutations
 + Level 4.1 Earth Magic


You had 4 spell levels left.
You knew the following spells:

 Your Spells              Type           Power        Failure   Level  Hunger
a - Sandblast             Erth           ###...       2%          1    None
b - Passwall              Trmt/Erth      ##........   10%         2    #......
c - Stone Arrow           Conj/Erth      ##....       17%         3    ###....


Dungeon Overview and Level Annotations

Branches:
Dungeon (2/15)

Altars:

Annotations:
D:2 Robin


Message History

Robin flexes a bicep menacingly.
The goblin hits you with a club. The goblin hits you but does no damage.
Casting: Stone Arrow
Confirm with . or Enter, or press ? or * to list all spells.
Aiming: Stone Arrow
Press: ? - help, Shift-Dir - straight line, f/p - Robin
Aim: Robin, wielding a spear, wearing an animal skin and wearing a shiny helmet You miscast Stone Arrow.
You are momentarily dazzled by a flash of light!
The goblin barely misses you. The goblin hits you but does no damage.
The goblin hits you with a dagger.
* * * LOW HITPOINT WARNING * * *
Robin zaps a wand.
You resist with some effort.
It is a wand of polymorph.
The goblin hits you with a club.
* * * LOW HITPOINT WARNING * * *
Found an escape hatch in the floor.
Robin throws the goblin at you!
* * * LOW HITPOINT WARNING * * *
The goblin hits you with a club.
You die...

#...# . #...# .# #...#
###l# .# ..
####...####...# .# ..>
............#.# .##....
..............#####.......
............#........#....
####...####.#........#g...
#...# ##....g@.g.s)gg..
#...# #.......#gg..#.#
#.#.###.##.#..#g...#.##
.###....##....g.......# ##
#.##.†####..#.##.#...
###...###..†.##.# ##
#................
#........#########
##......#.####


You could see Robin, a giant cockroach, 2 hobgoblins and 5 goblins.

Vanquished Creatures
  A crimson imp (D:1)
  2 giant geckos
  4 goblins
  2 hobgoblins (D:1)
  2 bats
  3 giant newts
  2 kobolds (D:1)
  2 rats
18 creatures vanquished.

Notes
Turn   | Place    | Note
--------------------------------------------------------------
     0 | D:1      | Jenkins the Deep Elf Earth Elementalist began the quest for the Orb.
     0 | D:1      | Reached XP level 1. HP: 10/10 MP: 6/6
   532 | D:1      | Reached XP level 2. HP: 4/15 MP: 4/8
   737 | D:1      | Learned a level 2 spell: Passwall
   937 | D:1      | Noticed a crimson imp
   967 | D:1      | Killed a crimson imp
   967 | D:1      | Reached skill level 4 in Earth Magic
   967 | D:1      | Reached XP level 3. HP: 15/19 MP: 3/10
  1392 | D:2      | Learned a level 3 spell: Stone Arrow
  1517 | D:2      | Noticed Robin
  1527 | D:2      | Slain by a goblin

Vault maps used:
D:1:      denvon_arrival_planthouse
D:2:      kennysheep_goblin_castle, st_stairs_11, uniq_robin

Action                   || total
-------------------------++-------
Melee: Dagger            ||     7
 Cast: Sandblast         ||    32
       Stone Arrow       ||     2
  Use: Scroll            ||     9
  Eat: Bread ration      ||     1
